 Dungeon Crawl Stone Soup version 0.29-a0-356-g7bc237e783 (webtiles) character file.

Game seed: 17904715066003359846

2899 jaega1 the Cleaver (level 9, -18/70 HPs)
             Began as a Hill Orc Fighter on Apr 25, 2022.
             Was a Priest of Qazlal.
             Killed from afar by a centaur (33 damage)
             ... with a bolt of acid
             ... on level 8 of the Dungeon.
             The game lasted 00:28:57 (8612 turns).

jaega1 the Cleaver (Hill Orc Fighter)               Turns: 8612, Time: 00:28:58

Health: -18/70     AC: 10    Str: 21    XL:     9   Next: 77%
Magic:  14/14      EV:  9    Int:  8    God:    Qazlal [***...]
Gold:   432        SH: 10    Dex: 12    Spells: 8/8 levels left

rFire   + . .      SeeInvis .   a - +1 war axe (spect)
rCold   + . .      Faith    .   c - +0 buckler
rNeg    . . .      Spirit   .   b - +0 scale mail
rPois   .          Reflect  .   v - +1 helmet
rElec   .          Harm     .   (no cloak)
rCorr   .          Rampage  .   (no gloves)
Will    .....                   (no boots)
Stlth   ..........              (no amulet)
HPRegen 0.21/turn               g - ring of protection from cold
MPRegen 0.14/turn               h - ring of protection from fire

@: no status effects
A: no striking features
a: Renounce Religion, Upheaval, Elemental Force


You were on level 8 of the Dungeon.
You worshipped Qazlal.
Qazlal was most pleased with you.
You visited 1 branch of the dungeon, and saw 8 of its levels.
You also visited: Ossuary.

You collected 432 gold pieces.

Inventory:

Hand Weapons
 a - a +1 spectral war axe (weapon)
Armour
 b - a +0 scale mail (worn)
 c - a +0 buckler (worn)
 n - a +0 plate armour
 v - a +1 helmet (worn)
 x - a +0 kite shield
Jewellery
 g - a ring of protection from cold (left hand)
 h - a ring of protection from fire (right hand)
 q - a ring of wizardry
Wands
 y - a wand of flame (31)
Scrolls
 e - a scroll of enchant armour
 j - a scroll of blinking
 m - 2 scrolls of teleportation
 o - a scroll of brand weapon
 p - a scroll of magic mapping
 r - a scroll of silence
 w - a scroll of enchant weapon
Potions
 d - 5 potions of heal wounds {unknown}
 f - a potion of curing
 k - a potion of haste
 l - 2 potions of magic {unknown}
 s - 3 potions of mutation
 t - a potion of flight
 u - a potion of resistance {unknown}


   Skills:
 - Level 3.6 Fighting
 - Level 12.1 Axes
 - Level 7.0 Armour
 * Level 6.3 Shields
 - Level 7.6 Invocations


You had 8 spell levels left.
You didn't know any spells.
Your spell library contained the following spells:

 Spells                   Type           Power      Damage    Failure   Level
 Ensorcelled Hibernation  Hex/Ice        0%         N/A       90%         2
 Gell's Gravitas          Tloc           0%         N/A       99%         3
 Lesser Beckoning         Tloc           0%         N/A       99%         3
 Spider Form              Tmut/Pois      0%         N/A       99%         3
 Summon Guardian Golem    Hex/Summ       0%         N/A       99%         3
 Teleport Other           Tloc           0%         N/A       99%         3
 Anguish                  Hex/Necr       0%         N/A       100%        4
 Orb of Destruction       Conj           0%         9d5       100%        7
 Spellforged Servitor     Conj/Summ      0%         N/A       100%        7


Dungeon Overview and Level Annotations

Branches:
Dungeon (8/15)             Temple (0/1) D:6         Ossuary (visited)
   Lair: D:8-11

Altars:
Makhleb
Qazlal
Sif Muna
Trog
Xom

Shops:
D:7 ?


Message History

Your +1 spectral war axe hits the manticore!
You kill the manticore!
Qazlal accepts your kill.
Your Shields skill gained 2 levels and is now at level 6!
Unknown command.
You swap places.
Things that are here:
a +0 robe; a +0 club
There is a stone staircase leading down here.
You start resting.
HP restored.
Things that are here:
a +0 robe; a +0 club You see here a book of Dreams.
You see here a +0 short sword.
Things that are here:
4 poisoned darts; a +0 club Done exploring.
There is a stone staircase leading down here.
There is an open door here.
There is a shimmering blue altar of Sif Muna here.
There is an open door here.
There is a stone staircase leading down here.
There is a stone staircase leading down here.
You climb downwards.
The centaur shouts!
The centaur unwields a +0 shortbow.
You block the centaur's attack.
The centaur kicks you but does no damage.
There is a stone staircase leading up here.
You barely miss the centaur.
Your +1 spectral war axe barely misses the centaur.
The centaur zaps a wand.
The bolt of acid hits you!!
You hit the centaur but do no damage.
Your +1 spectral war axe hits the centaur!
The centaur zaps a wand.
The bolt of acid hits you!!!
Ouch! That really hurt!
* * * LOW HITPOINT WARNING * * *
The centaur barely misses you. x2
You feel better.
The centaur zaps a wand.
The bolt of acid hits you!!
You die...

#. .# ##.###.######
.......$.... ##########
#>.........
#........#####......#.# #
....<.gg...g..........###.#
#.######.#####.ā—‹cā—‹...$....
#.# #....@Ā§........ #.#
#.#.)ā—‹....#### ..# ##<.....#
..... ##..........g #.###
#####.##.... ..# .# ##. ## .#
.# ..


You could see a centaur and a gnoll.

Vanquished Creatures
  A manticore (D:7)
  A wraith (D:6)
  Edmund (D:5)
  A steam dragon (D:7)
  A water moccasin (D:7)
  3 sky beasts
  A black bear (D:5)
  An ice beast (D:7)
  An ogre (D:4)
  A kobold brigand (D:7)
  2 bullfrogs (D:7)
  2 gnoll sergeants
  A necrophage (D:6)
  5 scorpions
  A howler monkey (D:6)
  A human zombie (Ossuary)
  2 jellies
  3 hounds
  An orc priest (D:5)
  A gnoll shaman (D:7)
  Jessica (D:3)
  4 iguanas
  4 mummies (Ossuary)
  Robin (D:3)
  14 gnolls
  7 adders
  2 white imps
  2 ufetubi
  2 worms
  A dart slug (D:1)
  10 orcs
  3 endoplasms
  5 giant cockroaches
  2 gnoll zombies (Ossuary)
  13 goblins
  10 hobgoblins
  4 jackals (D:5)
  A quokka (D:4)
  11 ball pythons
  4 bats
  A goblin zombie (Ossuary)
  A hobgoblin zombie (Ossuary)
  12 kobolds
  A kobold zombie (Ossuary)
  2 orc zombies (Ossuary)
  7 rats
  A spectral kobold (D:1)
157 creatures vanquished.

Notes
Turn   | Place    | Note
-------+----------+-------------------------------------------
     0 | D:1      | jaega1 the Hill Orc Fighter began the quest for the Orb.
     0 | D:1      | Reached XP level 1. HP: 19/19 MP: 1/1
    67 | D:1      | Reached skill level 3 in Axes
   111 | D:1      | Reached XP level 2. HP: 26/26 MP: 2/2
   395 | D:1      | Reached skill level 4 in Axes
   588 | D:1      | Found a faded altar of an unknown god.
   600 | D:1      | Prayed at the altar of an unknown god.
   600 | D:1      | Became a worshipper of Qazlal Stormbringer
   600 | D:1      | Reached * piety under Qazlal
   955 | D:2      | Reached XP level 3. HP: 31/31 MP: 3/3
  1047 | D:2      | Reached skill level 5 in Axes
  1275 | D:2      | Found a burning altar of Makhleb.
  1599 | D:2      | Reached XP level 4. HP: 39/39 MP: 4/4
  1925 | D:3      | Reached ** piety under Qazlal
  1967 | D:3      | Noticed Jessica
  1978 | D:3      | Killed Jessica
  1979 | D:3      | Reached skill level 6 in Axes
  2481 | D:3      | Reached XP level 5. HP: 38/45 MP: 5/5
  2512 | D:3      | Reached skill level 7 in Axes
  2617 | D:3      | HP: 2/45 [gnoll/+0 halberd (7)]
  3391 | D:4      | Found a burning altar of Makhleb.
  3438 | D:4      | Reached skill level 8 in Axes
  3438 | D:4      | Reached XP level 6. HP: 35/51 MP: 6/6
  3776 | D:4      | Noticed Robin
  3794 | D:3      | Killed Robin
  3911 | D:4      | Reached *** piety under Qazlal
  3968 | D:4      | Reached skill level 9 in Axes
  4090 | D:4      | Reached XP level 7. HP: 39/57 MP: 7/7
  4428 | D:5      | Entered Level 5 of the Dungeon
  4466 | D:5      | Reached skill level 10 in Axes
  5034 | D:5      | Reached skill level 11 in Axes
  5239 | D:5      | Identified the +5 whip of Interdependent Arising {freeze,
                  | rPois Will+ Dex-3}
  5407 | D:5      | Noticed Edmund
  5422 | D:5      | Killed Edmund
  5423 | D:5      | Reached XP level 8. HP: 41/64 MP: 7/9
  5994 | D:6      | Reached skill level 5 in Armour
  6073 | D:6      | Reached skill level 5 in Invocations
  6266 | D:6      | Noticed a wraith
  6282 | D:6      | Killed a wraith
  6547 | D:6      | Reached XP level 9. HP: 67/70 MP: 14/14
  6561 | D:6      | Found a staircase to the Ecumenical Temple.
  6673 | D:6      | Found a shimmering altar of Xom.
  6673 | D:6      | Found a shimmering altar of Xom.
  6674 | D:6      | Found a shimmering altar of Xom.
  6675 | D:6      | Found a shimmering altar of Xom.
  6675 | D:6      | Found a shimmering altar of Xom.
  6797 | D:7      | Reached skill level 12 in Axes
  7118 | D:7      | Found a bloodstained altar of Trog.
  7234 | D:7      | Found Idwiump's Magic Scroll Shop.
  7354 | D:7      | Found a shimmering blue altar of Sif Muna.
  7435 | D:8      | Noticed a manticore
  7903 | D:8      | Found a sand-covered staircase.
  7917 | Ossuary  | Entered an ossuary
  8388 | D:7      | Killed a manticore
  8612 | D:8      | Killed from afar by a centaur

Illustrated notes

Levels and vault maps discovered:
D:1:      dpeg_arrival_houses_and_road, layout_basic,
          dreamdust_ecumenical_altar_drowned_temple
D:2:      layout_basic, basic_altar, minmay_ruptured
D:3:      layout_loops_ring, corexii_item_surrounded_by_moat, uniq_jessica
D:4:      layout_cave_pools, mainiacjoe_overflow_surrounded_room, uniq_robin
D:5:      layout_cave_pools, cheibrodos_gnoll_hut, uniq_edmund
D:6:      layout_gridville, xom_redecorated, minmay_temple_entry_hall
D:7:      layout_rooms, bloody_trog, led_sif_pool, serial_shops,
          kennysheep_mini_moat
D:8:      layout_loops_ring, mainiacjoe_overflow_alcove_1,
          nicolae_ossuary_entry_monument, kb_lookout_dungeons_type

Skill      XL: |  1  2  3  4  5  6  7  8  9 |
---------------+----------------------------+-----
Axes           | 3 4 5 6 8 9 11 12 | 12.1
Armour         | 4 5 7 |  7.0
Invocations    | 2 7 |  7.6
Shields        | 6 |  6.3
Fighting       | |  3.6

Action                   |  1- 3 |  4- 6 |  7- 9 || total
-------------------------+-------+-------+-------++-------
Melee: War axe           |    82 |   129 |   180 ||   391
Invok: Upheaval          |       |       |     2 ||     2
  Use: Potion            |       |     1 |     1 ||     2
       Scroll            |       |       |    15 ||    15
Armor: Scale mail        |    47 |    23 |    56 ||   126
Dodge: Dodged            |    38 |    42 |    62 ||   142
Block: Buckler           |    27 |    47 |    50 ||   124

Table legend: (Time is in decaauts)
 A = Elapsed time spent in this place.
 B = Non-inter-level travel time spent in this place.
 C = Inter-level travel time spent in this place.
 D = Time resting spent in this place.
 E = Time spent auto-exploring this place.
 F = Levels seen in this place.
 G = Mean time per level.
                   A        B        C        D        E       F      G
               +--------+--------+--------+--------+--------+-----+--------+
         Total |   8680 |   8516 |    164 |   2746 |   3927 |   9 |  964.4 |
       Dungeon |   8476 |   8312 |    164 |   2746 |   3927 |   8 | 1059.5 |
       Ossuary |    203 |    203 |      0 |      0 |      0 |   1 |  203.0 |
               +--------+--------+--------+--------+--------+-----+--------+

Top non-repeatable levels by time:
     D:7: 1580 daAuts
     D:3: 1512 daAuts
     D:4: 1349 daAuts
     D:5: 1348 daAuts
     D:1: 956 daAuts
     D:2: 880 daAuts
     D:6: 798 daAuts
 Ossuary: 203 daAuts
     D:8: 50 daAuts
